 Dungeon Crawl Stone Soup version 0.20.0-15-g7f486f2 (webtiles) character file.

58 Chiseanne the Magician (level 3, -3/24 HPs)
             Began as a Demonspawn Wizard on June 13, 2017.
             Slain by an adder (5 damage)
             ... on level 3 of the Dungeon.
             The game lasted 00:05:13 (2150 turns).

Chiseanne the Magician (Demonspawn Wizard)          Turns: 2150, Time: 00:05:14

Health: -3/24      AC:  4    Str:  7    XL:     3   Next: 75%
Magic:  5/8        EV: 12    Int: 20    God:
Gold:   125        SH:  0    Dex: 11    Spells: 0/9 levels left

rFire    . . .     SeeInvis .   a - +1 short sword
rCold    . . .     Gourm    .   (no shield)
rNeg     + . .     Faith    .   k - +0 robe {rN+}
rPois    .         Spirit   .   b - +0 hat
rElec    .         Reflect  .   (no cloak)
rCorr    .         Harm     .   (no gloves)
MR       .....                  (no boots)
Stlth    ++........             (no amulet)
Regen    0.1/turn               (no ring)
MPRegen  0.2/turn               (no ring)

@: no status effects
A: slimy green scales 1
a: no special abilities


You were on level 3 of the Dungeon.
You were hungry.

You visited 1 branch of the dungeon, and saw 3 of its levels.

You collected 125 gold pieces.

Inventory:

Hand Weapons
 a - a +1 short sword (weapon)
 e - a +3 trident
Missiles
 g - 46 sling bullets
 j - 44 stones (quivered)
 p - 7 javelins
Armour
 b - a +0 hat (worn)
 k - a +0 robe of positive energy (worn)
Wands
 m - a wand of iceblast (5/15)
 q - a wand of paralysis (11/24)
Potions
 n - a potion of resistance
Comestibles
 d - 2 bread rations
 l - 2 meat rations
 o - a royal jelly


   Skills:
 - Level 1.7 Dodging
 - Level 1.7 Stealth
 * Level 3.7 Spellcasting
 * Level 2.7 Conjurations
   Level 1.0 Summonings
 - Level 0.8 Translocations


You couldn't memorise any spells.
You knew the following spells:

 Your Spells              Type           Power        Failure   Level  Hunger
a - Magic Dart            Conj           ##..         4%          1    None
b - Blink                 Tloc           N/A          14%         2    ##.....
c - Conjure Flame         Conj/Fire      #.......     22%         3    ###....
d - Mephitic Cloud        Conj/Pois/Air  #.......     26%         3    ###....


Dungeon Overview and Level Annotations

Branches:
Dungeon (3/15)

Altars:


Innate Abilities, Weirdness & Mutations

You are partially covered in slimy green scales. (AC +2)


Message History

The orc wizard casts a spell.
The orc wizard blinks!
The leopard gecko bites you but does no damage.
Found a scroll labeled JIUXOZ BIFAO.
The frilled lizard hisses angrily.
The frilled lizard bites you.
* * * LOW HITPOINT WARNING * * *
The leopard gecko closely misses you.
You hear the slow rusting of a very distant drain.
Found a ring mail.
The leopard gecko bites you.
* * * LOW HITPOINT WARNING * * *
You see here a scroll labeled JIUXOZ BIFAO.
A gnoll comes into view. It is wielding a club.
The gnoll shouts!
The leopard gecko closely misses you.
A gnoll comes into view. It is wielding a flail.
There is a stone staircase leading down here.
The adder bites you.
You die...

#... ... #.. ...
#.. ....#
#.........
##.#.#..#.## ...
.......
######.##.#....
#.....@......# .
#....lS.....##..
#...............
#...g.lo.....#.#
#..........#...#
........l...#...#
###g###..o#.#...#
#. ##....o...# #
##?......#


You could see an orc priest, 2 gnolls, an adder, 2 orcs, a leopard gecko and 2
frilled lizards.

Vanquished Creatures
  An adder (D:2)
  An ooze (D:2)
  2 leopard geckos (D:1)
  3 ball pythons
  3 giant cockroaches (D:1)
  3 goblins (D:1)
  7 hobgoblins
  A quokka (D:3)
  5 bats
  2 frilled lizards
  9 kobolds
  4 rats (D:1)
41 creatures vanquished.

Notes
Turn   | Place    | Note
-------+----------+-------------------------------------------
     0 | D:1      | Chiseanne the Demonspawn Wizard began the quest for the Orb.
     0 | D:1      | Reached XP level 1. HP: 13/13 MP: 4/4
   239 | D:1      | Gained mutation: You are partially covered in slimy green scales. (AC +2) [demonic ancestry]
   239 | D:1      | Reached XP level 2. HP: 2/19 MP: 0/6
   682 | D:1      | Learned a level 2 spell: Blink
  1238 | D:1      | Reached XP level 3. HP: 24/24 MP: 4/8
  1826 | D:2      | Learned a level 3 spell: Conjure Flame
  1830 | D:2      | Learned a level 3 spell: Mephitic Cloud
  2150 | D:3      | Slain by an adder

Skill      XL: |  1  2 |
---------------+-------+-----
Conjurations   | 2 |  2.7
Dodging        | |  1.7
Stealth        | |  1.7
Spellcasting   | |  3.7
Summonings     | |  1.0
Translocations | |  0.8

Action                   || total
-------------------------++-------
Melee: Short sword       ||    25
 Cast: Magic Dart        ||    84
       Mephitic Cloud    ||     2
       Conjure Flame     ||     1
  Use: Scroll            ||     9
       Potion            ||     2
  Eat: Chunk             ||     3
Armor: Robe              ||    36
Dodge: Dodged            ||    77
